 Dungeon Crawl Stone Soup version 0.32-a0-893-gf85d74f360 (webtiles) character file.

Game seed: 14296978755418459139

507 GiantSquids the Shooter (level 7, -2/50 HPs)
             Began as a Coglin Hunter on Apr 3, 2024.
             Was an Initiate of Makhleb.
             Slain by an ogre
             ... wielding a +0 giant club
              (25 damage)
             ... on level 5 of the Dungeon.
             The game lasted 00:04:35 (3291 turns).

GiantSquids the Shooter (Coglin Hunter)             Turns: 3291, Time: 00:04:36

Health: -2/50      AC:  4    Str: 11    XL:     7   Next: 18%
Magic:  7/7        EV: 11    Int:  9    God:    Makhleb [......]
Gold:   301        SH:  0    Dex: 19    Spells: 6/6 levels left

rFire   . . .        a - +2 sling {Etsuko}
rCold   . . .        d - +0 sling {Huemac}
rNeg    . . .        c - +0 leather armour
rPois   .            k - +0 helmet
rElec   .            (no cloak)
rCorr   .            (no gloves)
SInv    .            (no boots)
Will    .....        (amulet unavailable)
Stlth   ++           (ring unavailable)
HPRegen 0.28/turn    (ring unavailable)
MPRegen 0.10/turn    (no gizmo)

%: no passive effects
@: revved
A: off-hand wielding, slow wielding, warmup strikes, no jewellery
a: Invent Gizmo, Renounce Religion


You were on level 5 of the Dungeon.
You worshipped Makhleb.
Makhleb was noncommittal.
You visited 1 branch of the dungeon, and saw 5 of its levels.

You collected 301 gold pieces.

Inventory:

Hand Weapons
 a - a +2 sling (weapon) {Etsuko}
 d - a +0 sling (offhand) {Huemac}
Missiles
 v - a throwing net
Armour
 c - a +0 leather armour (worn)
 k - a +0 helmet (worn)
 x - a +0 hat
Wands
 q - a wand of digging (5)
 r - a wand of flame (32)
Scrolls
 b - a scroll of butterflies
 f - a scroll of acquirement {unknown}
 g - 5 scrolls of identify {unknown}
 h - 2 scrolls of revelation {unknown}
 i - 3 scrolls of vulnerability {unknown}
 j - a scroll of fear {unknown}
 m - 2 scrolls of torment {unknown}
 s - a scroll of teleportation {unknown}
 u - a scroll of brand weapon {unknown}
 w - a scroll of immolation {unknown}
 y - a scroll of enchant armour {unknown}
Potions
 e - a potion of magic {unknown}
 l - a potion of curing {unknown}
 n - a potion of resistance {unknown}
 o - 2 potions of enlightenment {unknown}
 p - a potion of ambrosia {unknown}
 t - 2 potions of heal wounds


   Skills:
 - Level 2.0 Fighting
 + Level 7.7 Ranged Weapons
 - Level 1.7 Dodging
 - Level 0.7 Stealth


You had 6 spell levels left.
You didn't know any spells.
Your spell library contained the following spells:

 Spells                   Type           Power      Damage    Failure   Level
 Call Imp                 Summ           0%         N/A       63%         2
 Cigotuvi's Dreadful Rot  Necr/Alch/Air  0%         N/A       63%         2
 Sublimation of Blood     Necr           0%         N/A       63%         2
 Ignite Poison            Fire/Alch      0%         N/A       99%         4
 Freezing Cloud           Conj/Ice/Air   0%         6-21      100%        5
 Summon Hydra             Summ           0%         N/A       100%        7


Dungeon Overview and Level Annotations

Branches:
Dungeon (5/15)
 Temple: D:4-7

Altars:
Ashenzari
Fedhas
Makhleb
The Shining One

Shops:
D:4 (


Innate Abilities, Weirdness & Mutations

You can wield a second weapon in your off-hand.
It takes a long time for you to wield or remove held weapons.
Your first few attacks do less damage.
You cannot equip rings or amulets.


Message History

You shoot a sling bullet.
The sling bullet closely misses the howler monkey.
You shoot a sling bullet.
The sling bullet hits the howler monkey but does no damage.
The howler monkey is lightly wounded.
The howler monkey hits you.
You shoot a sling bullet.
The sling bullet hits the howler monkey!
The howler monkey is heavily wounded.
You shoot a sling bullet.
The sling bullet hits the howler monkey.
The howler monkey is almost dead.
The howler monkey hoots and howls with incredible vigour!
The howler monkey hits you but does no damage.
You shoot a sling bullet.
The sling bullet barely misses the howler monkey.
You shoot a sling bullet.
The sling bullet hits the howler monkey.
You kill the howler monkey!
Makhleb accepts your kill.
No target in view!
An ogre comes into view. It is wielding a +0 giant club.
You shoot a sling bullet. The sling bullet hits the ogre!
The ogre is moderately wounded.
You shoot a sling bullet.
The sling bullet barely misses the ogre.
You shoot a sling bullet. The sling bullet hits the ogre!
The ogre is heavily wounded.
You shoot a sling bullet. The sling bullet hits the ogre.
The ogre is severely wounded.
The ogre hits you with a +0 giant club!!
Ouch! That really hurt!
You shoot a sling bullet.
The sling bullet hits the ogre but does no damage.
The ogre is severely wounded.
You shoot a sling bullet. The sling bullet hits the ogre.
The ogre is almost dead.
The ogre hits you with a +0 giant club!!
Ouch! That really hurt!
You die...

###...........
###....#........
#...#.....###..#
##>##...#..##....
##.....#.#.....#..
#...##.....#..#...
##..###............
######..#.......##......
.......@O...#.####...##.
......†##.##............
....... #.# ....[.......
......# #.##.##.####....
...... #.##.. .# #....
###### #[# .# ## #....
#.. .# #.... .# #....
#....


You could see an ogre.

Vanquished Creatures
  3 scorpions
  A howler monkey (D:5)
  2 hounds
  Terence (D:3)
  4 gnolls
  3 adders
  4 white imps (D:5)
  2 ufetubi (D:5)
  4 dart slugs (D:1)
  3 ribbon worms
  11 orcs
  7 ball pythons
  4 bats
  5 endoplasms
  A giant cockroach (D:1)
  6 goblins
  4 hobgoblins
  9 jackals
  5 quokkas
  4 frilled lizards
  7 kobolds
  5 rats
95 creatures vanquished.

Notes
Turn   | Place    | Note
-------+----------+-------------------------------------------
     0 | D:1      | GiantSquids the Coglin Hunter began the quest for the Orb.
     0 | D:1      | Reached XP level 1. HP: 16/16 MP: 1/1
    48 | D:1      | Reached skill level 4 in Ranged Weapons
    48 | D:1      | Reached XP level 2. HP: 22/22 MP: 2/2
    85 | D:1      | Reached XP level 3. HP: 24/27 MP: 3/3
   506 | D:2      | Reached skill level 5 in Ranged Weapons
   552 | D:2      | Reached XP level 4. HP: 33/33 MP: 4/4
  1634 | D:3      | Noticed Terence
  1646 | D:3      | Killed Terence
  1647 | D:3      | Reached XP level 5. HP: 32/38 MP: 5/5
  1750 | D:3      | Found a blossoming altar of Fedhas.
  2183 | D:4      | Reached skill level 6 in Ranged Weapons
  2366 | D:4      | Found a burning altar of Makhleb.
  2366 | D:4      | Noticed an Executioner
  2424 | D:4      | Noticed a hellwing
  2424 | D:4      | Noticed a ynoxinul
  2426 | D:4      | Became a worshipper of Makhleb the Destroyer
  2444 | D:4      | Found Rungelei's Weapon Shoppe.
  2512 | D:4      | Found a glowing golden altar of the Shining One.
  2586 | D:4      | Reached XP level 6. HP: 43/44 MP: 6/6
  2875 | D:5      | Entered Level 5 of the Dungeon
  2909 | D:5      | Reached skill level 7 in Ranged Weapons
  3059 | D:5      | Reached XP level 7. HP: 50/50 MP: 7/7
  3096 | D:5      | Found a broken altar of Ashenzari.
  3291 | D:5      | Slain by an ogre

Illustrated notes

Levels and vault maps discovered:
D:1:      roderic_dead_forest, layout_rooms, reono_crystal_passage,
          nicolae_grassy_gnolls
D:2:      layout_loops_ring, serial_bayou_pond_a
D:3:      layout_basic, fedhas_altar_4, serial_glass, glass_columns_c,
          glass_columns_b, feat_on_display, due_unseen_surprise,
          chequers_avenue, minivault_5, uniq_terence
D:4:      layout_loops_cross, makhleb_altar_promises_db,
          mainiacjoe_overflow_boulevard, serial_shops, shop
D:5:      layout_rooms, ashenzari_altar_1

Skill      XL: |  1  2  3  4  5  6 |
---------------+-------------------+-----
Ranged Weapons | 4 5 6 7 |  7.7
Fighting       | |  2.0
Dodging        | |  1.7
Stealth        | |  0.7

Action                     |  1- 3 |  4- 6 |  7- 9 || total
---------------------------+-------+-------+-------++-------
   Fire: Sling             |   134 |   322 |    46 ||   502
    Use: Potion            |       |     1 |       ||     1
 Armour: Leather armour    |     8 |    39 |    25 ||    72
  Dodge: Dodged            |    12 |    33 |    21 ||    66

Table legend: (Time is in decaauts)
 A = Elapsed time spent in this place.
 B = Non-inter-level travel time spent in this place.
 C = Inter-level travel time spent in this place.
 D = Time resting spent in this place.
 E = Time spent auto-exploring this place.
 F = Levels seen in this place.
 G = Mean time per level.
                   A        B        C        D        E       F      G
               +--------+--------+--------+--------+--------+-----+--------+
         Total |   3332 |   3124 |    208 |      0 |   2615 |   5 |  666.4 |
       Dungeon |   3332 |   3124 |    208 |      0 |   2615 |   5 |  666.4 |
               +--------+--------+--------+--------+--------+-----+--------+

Top non-repeatable levels by time:
     D:3: 927 daAuts
     D:4: 818 daAuts
     D:2: 738 daAuts
     D:1: 425 daAuts
     D:5: 421 daAuts
